Cogmind - Beta 16 @@@ ROGUE MODE // 2025.11.11 @ 21:34:41 Player: J1ang-5h1 Result: Destroyed by PV-PK5(R) with Subdweller Beam Cannon Performance ------------- Evolutions (0) 0 Regions Visited (2) 400 Robots Destroyed (44) 220 Value Destroyed (895) 895 Prototype IDs (2) 40 Alien Tech Used (0) 0 Bonus (0) 0 TOTAL SCORE: 1555 Bonus ------- None Cogmind --------- Core Integrity 0/250 Matter 290/300 Energy 49/100 System Corruption 0% Temperature Warm (137) Movement Core (150) Ox2 Location -10/Subcaves Parts ------- > --- POWER (1) -------- (None) > --- PROPULSION (2) --- (None) > --- UTILITY (2) ------ Small Storage Unit Subdweller Optics > --- WEAPON (2) ------- Hammer > --- INVENTORY (8) ---- Wheel Improved Heat Sink Improved Terrain Scanner Seismic Detector Hacking Suite Grenade Launcher Peak State ------------ > --- POWER ------------ Ion Engine > --- PROPULSION ------- Wheel Compact Wheel > --- UTILITY ---------- Small Storage Unit Seismic Detector > --- WEAPON ----------- Medium Laser Medium Laser > --- INVENTORY -------- Light Treads Light Treads Improved Terrain Scanner Seismic Detector Light Armor Plating Light Assault Rifle Grenade Launcher Mining Laser [Rating: 8] Favorites ----------- Power Ion Engine Engine Ion Engine Propulsion Light Treads Treads Light Treads Wheel Wheel Utility Small Storage Unit Device Seismic Detector Storage Small Storage Unit Protection Light Armor Plating Weapon Assault Rifle Energy Gun Medium Laser Ballistic Gun Assault Rifle Launcher Grenade Launcher Impact Weapon Hammer Build | -11 -10 -10 ------- Run | Yrd Mat Sub Slots Evolved . | . . . Power . | . . . Propulsion . | . . . Utility . | . . . Weapon . | . . . Parts Attached 20 | 7 12 1 Power 3 | 1 2 . Engine 3 | 1 2 . Core . | . . . Reactor . | . . . Propulsion 7 | 2 5 . Treads 5 | . 5 . Leg . | . . . Wheel 2 | 2 . . Hover . | . . . Flight . | . . . Utility 4 | 2 1 1 Device 2 | 1 . 1 Storage 1 | 1 . . Processor . | . . . Hackware . | . . . Protection 1 | . 1 . Artifact . | . . . Weapon 6 | 2 4 . Energy Gun 2 | 2 . . Energy Cannon . | . . . Ballistic Gun 2 | . 2 . Ballistic Cannon . | . . . Launcher 1 | . 1 . Special Weapon . | . . . Impact Weapon 1 | . 1 . Slashing Weapon . | . . . Piercing Weapon . | . . . Special Melee Weapon . | . . . Unidentified Prototypes . | . . . Parts Lost 8 | . 2 6 Power 2 | . 1 1 Propulsion 3 | . 1 2 Utility . | . . . Weapon 3 | . . 3 Highest Loss Streak 4 | . 2 4 To Critical Strikes . | . . . Average Backups 7 | 2 7 7 Power . | . . . Propulsion 1 | 1 1 1 Utility 3 | . 3 4 Weapon 2 | 1 2 2 Tool/Special . | . . . Unused Backups 6 | . 3 3 Power . | . . . Propulsion . | . . . Utility 4 | . 1 3 Weapon 2 | . 2 . Tool/Special . | . . . Average Slot Usage (%) 95 | . 99 83 Engine 10 | . 13 1 Treads 23 | . 22 26 Wheel 3 | . 4 . Device 11 | . 10 12 Storage 14 | . 14 14 Protection 2 | . 3 1 Energy Gun 4 | . 5 1 Ballistic Gun 15 | . 14 18 Impact Weapon 7 | . 7 7 Peak Build Rating 8 | 7 8 8 Average Rating 7 | 5 7 7 On Entrance 5 | . 7 8 Avg Prop Armor Cover (%) 11 | . 11 . Naked Turns . | . . . Heaviest Build 17 | 15 17 17 Greatest Support 40 | 26 40 40 Greatest Overweight (x) 2 | . 1 2 Average Overweight (x) . | . . . Largest Inventory Capacity 8 | 8 8 8 Average Capacity 7 | 7 8 8 Most Carried 8 | 6 8 8 Average Carried 7 | 3 7 7 Final Capacity 8 | 8 8 8 Final Carried 8 | 6 8 6 Class Distribution -------------------- 82% | Mutant 17% | Scavenger-Mutant Dominant Class ---------------- Mutant | -10/Materials Mutant | -10/Subcaves Resources | -11 -10 -10 ----------- Run | Yrd Mat Sub Matter Collected 826 | 242 457 127 Remotely . | . . . Salvage Created 1208 | 121 1003 84 Parts 70 | 11 58 1 Haulers Intercepted 2 | . 2 . Recyclers Shooed . | . . . Parts Field Recycled . | . . . Retrieved Matter . | . . . Parts Self-Destructed 2 | . . 2 Prevented . | . . . Parts Restored . | . . . Kills | -11 -10 -10 ------- Run | Yrd Mat Sub Combat Hostiles Destroyed 25 | . 23 2 Melee 2 | . 2 . Guns 9 | . 7 2 AOE 9 | . 9 . Classes Destroyed 11 | 2 8 1 Worker 2 | . 2 . Builder 2 | . 2 . Tunneler 3 | 3 . . Hauler 2 | . 2 . Recycler 3 | 1 2 . Mechanic 1 | . 1 . Operator 3 | . 3 . Watcher 3 | . 3 . Swarmer 6 | . 6 . Grunt 17 | . 17 . Subdweller 2 | . . 2 Best Kill Streak 9 | 2 9 2 Combat Bots Only 8 | . 8 2 Max Kills in Single Turn 3 | 1 3 1 Gunslinging . | . . . Exploded 3 | . 3 . Melee 1 | . 1 . Uniques/NPCs Destroyed . | . . . Combat | -11 -10 -10 -------- Run | Yrd Mat Sub Hostile Shots Fired 137 | . 104 33 Missed 35 | . 28 7 Hits 102 | . 76 26 Projectile 102 | . 76 26 Critical Strikes 4 | . 1 3 Damage Taken 1521 | . 830 691 Core 269 | . 40 229 Absorbed by Shields . | . . . Regen/Repaired (Parts) 110 | . 110 . Core Remaining (%) 100 | 100 . . Volleys Fired 85 | 9 49 27 Largest 2 | 2 2 2 Hottest 100 | 100 100 70 Shots Fired 148 | 18 85 45 Gun 138 | 18 75 45 Cannon . | . . . Launcher 10 | . 10 . Special . | . . . Kinetic 69 | . 43 26 Thermal 69 | 18 32 19 Explosive 10 | . 10 . Electromagnetic . | . . . Robot Hit Streak 10 | 3 6 10 Robot Miss Streak 3 | 1 3 3 Penetration Max . | . . . Secondary Targets 2 | . 2 . Max Gunslinging Chain 1 | . 1 . Shots Hit Robots 131 | 11 84 36 Core Hits 51 | 5 39 7 Critical Kills 3 | . 3 . Critical Parts Destroyed 3 | . 3 . Critical Strikes 10 | 2 6 2 Burn 4 | 2 . 2 Smash 6 | . 6 . Melee Attacks 47 | . 37 10 Impact 47 | . 37 10 Slashing . | . . . Piercing . | . . . Sneak Attacks 7 | . 7 . Combat Hostiles . | . . . Follow-up Attacks . | . . . Damage Inflicted 2993 | 136 2381 476 Guns 1174 | 136 597 441 Cannons . | . . . Explosions 670 | . 670 . Melee 1149 | . 1114 35 Ramming . | . . . Kinetic 648 | . 385 263 Thermal 526 | 136 212 178 Explosive 670 | . 670 . Electromagnetic . | . . . Impact 1149 | . 1114 35 Slashing . | . . . Piercing . | . . . Highest Corruption . | . . . Average Corruption . | . . . Corruption Purged . | . . . Corruption Blocked . | . . . Overload Shots . | . . . Overflow Damage 294 | . 294 . Projectiles . | . . . Explosions 30 | . 30 . Melee 264 | . 264 . Knockbacks 9 | . 8 1 Impact 9 | . 8 1 Kinetic . | . . . Secondary . | . . . Self-Inflicted Damage . | . . . Shots . | . . . Rammed . | . . . Targets Rammed . | . . . Kicked . | . . . Crushed . | . . . Highest Temperature 368 | 156 368 275 Average Temperature 115 | 63 124 158 Received Heat Transfer 1500 | . 435 1065 Effects 6 | . 5 1 Energy Bleed 3 | . 2 1 Interference 2 | . 2 . Damage (minor) 1 | . 1 . Siege Activations . | . . . Martial Activations . | . . . Shielding Activations . | . . . Robots Disrupted . | . . . Combat Hostiles . | . . . Robots Corrupted 8 | . 8 . Combat Hostiles 5 | . 5 . Parts Fried 5 | . 5 . Impact Corruptions 17 | . 17 . Robots Melted . | . . . Combat Hostiles . | . . . Parts Melted 3 | 1 1 1 Heat Transferred 1850 | 555 629 666 Parts Sabotaged . | . . . Parts Stolen . | . . . Parts Stripped . | . . . Power Chain Reactions . | . . . Alert | -11 -10 -10 ------- Run | Yrd Mat Sub Maximum Alert Level 1 | . 1 . Low Security (%) 61 | 100 59 . Level 1 38 | . 40 . Level 2 . | . . . Level 3 . | . . . Level 4 . | . . . Level 5 . | . . . High Security . | . . . Max Security . | . . . Peak Influence 368 | 5 368 . Initial 3 | . 3 . Average 161 | 1 170 . Influence Increases 863 | 20 843 . Destroy 0b10 Robot/C 460 | . 460 . Destroy 0b10 Robot/NC 95 | 20 75 . Destroy Leader 120 | . 120 . Successful Hack 13 | . 13 . Select Force Hacks 60 | . 60 . Destroy Structure 40 | . 40 . Lose Combat Pursuer 75 | . 75 . Influence Decreases 863 | 15 489 359 Entered New Map 175 | . 2 173 Time Decay 658 | 15 467 176 Lost Part 30 | . 20 10 Squads Dispatched 8 | . 8 . Investigation 5 | . 5 . Extermination . | . . . Reinforcement 3 | . 3 . Assault . | . . . Garrison . | . . . Intercept . | . . . Searches Triggered . | . . . Construction Impeded . | . . . Haulers Reinforced . | . . . Active Scanning Responses . | . . . Cargo Convoy Interrupts . | . . . Stealth | -11 -10 -10 --------- Run | Yrd Mat Sub Distress Signals 2 | . 2 . Communications Jammed . | . . . Distress Signals . | . . . Times Spotted 36 | . 32 4 Peak Tracking Total 6 | . 6 2 Tactical Retreats 3 | . 3 . Traps | -11 -10 -10 ------- Run | Yrd Mat Sub Traps Triggered 3 | . 3 . Indirectly . | . . . Trap Hack Attempts . | . . . Triggered . | . . . Disarmed . | . . . Reprogrammed . | . . . Reused . | . . . Traps Extracted . | . . . Installed . | . . . Triggered . | . . . Machines | -11 -10 -10 ---------- Run | Yrd Mat Sub Machines Disabled 1 | . 1 . Max in Single Turn 1 | . 1 . Machines Repaired . | . . . Machines Dismantled . | . . . Machines Sabotaged . | . . . Overloaded Fab Kills . | . . . Hacking | -11 -10 -10 --------- Run | Yrd Mat Sub Machines Accessed 8 | . 8 . Terminals 5 | . 5 . Fabricators . | . . . Repair Stations 1 | . 1 . Recycling Units 2 | . 2 . Scanalyzers . | . . . Garrison Access . | . . . Total Hacks 40 | . 40 . Successful 30 | . 30 . Failed 10 | . 10 . Catastrophic . | . . . Database Lockouts . | . . . Manual 24 | . 24 . Terminals 22 | . 22 . Fabricators . | . . . Repair Stations 4 | . 4 . Recycling Units 14 | . 14 . Scanalyzers . | . . . Garrison Access . | . . . Terminal Hacks 9 | . 9 . Part Schematic 1 | . 1 . Robot Analysis 3 | . 3 . Prototype ID Bank 1 | . 1 . Locate Traps 1 | . 1 . Hauler Manifests 1 | . 1 . Zone Layout 2 | . 2 . Fabricator Hacks . | . . . Repair Station Hacks 4 | . 4 . Scan Component 2 | . 2 . Repair 2 | . 2 . Recycling Unit Hacks 3 | . 3 . Report Inventory 2 | . 2 . Retrieve Components 1 | . 1 . Scanalyzer . | . . . Garrison Access Hacks . | . . . Unauthorized Hacks 14 | . 14 . Terminals 7 | . 7 . Botnet 2 | . 2 . Skim 5 | . 5 . Fabricators . | . . . Repair Stations . | . . . Recycling Units 7 | . 7 . Reject 2 | . 2 . Recyclers 1 | . 1 . Mask 2 | . 2 . Tunnel 2 | . 2 . Scanalyzers . | . . . Garrison Access . | . . . Data Cores Recovered . | . . . Used . | . . . Hacking Detections 8 | . 8 . Full Trace Events . | . . . Feedback Events . | . . . Feedback Blocked . | . . . Robot Schematics Acquired . | . . . Robots Built . | . . . Authchips . | . . . Time . | . . . Total Robot Build Rating . | . . . Part Schematics Acquired 1 | . 1 . Parts Built . | . . . Authchips . | . . . Time . | . . . Total Part Build Rating . | . . . Part Studies Acquired . | . . . Parts Repaired 2 | . 2 . Time 52 | . 52 . Parts Recycled . | . . . Recycled Matter . | . . . Retrieved Matter . | . . . Retrieved Components 8 | . 8 . Parts Scanalyzed . | . . . Part Schematics Acquired . | . . . Parts Damaged . | . . . Bothacking | -11 -10 -10 ------------ Run | Yrd Mat Sub Used RIF Installer . | . . . Robots Hacked . | . . . Non-combat . | . . . Combat . | . . . Robot Hacks Applied . | . . . Relay Couplers Released . | . . . Fabnet Peak Effective % . | . . . Robots Rewired . | . . . Allies Hacked . | . . . Hacks Repelled . | . . . Allies | -11 -10 -10 -------- Run | Yrd Mat Sub Total Allies . | . . . Largest Group . | . . . Highest-Rated Group . | . . . Highest-Rated Ally . | . . . Total Orders . | . . . Ally Attacks . | . . . Total Damage . | . . . Kills . | . . . Allies Corrupted . | . . . Allies Melted . | . . . Intel | -11 -10 -10 ------- Run | Yrd Mat Sub Active Infowar (turns) 2065 | 27 1468 570 Optics 570 | . . 570 Seismic 1495 | 27 1468 . Robot Analysis Total 3 | . 3 . Derelict Logs Recovered . | . . . Drone Launches . | . . . Drone Recoveries . | . . . Exploration | -11 -10 -10 ------------- Run | Yrd Mat Sub Turns Passed 2699 | 117 1933 649 Spaces Moved 1410 | 82 994 334 Core 9 | 8 . 1 Treads 1086 | . 753 333 Legs . | . . . Wheels 315 | 74 241 . Hover . | . . . Flight . | . . . Fastest Speed 50 | 50 90 150 Average Speed 143 | 86 143 159 Slowest Speed 160 | 90 160 160 Overloaded Moves . | . . . Propulsion Burnouts . | . . . Robots Hopped . | . . . Potential Cave-ins . | . . . Cave-ins Triggered . | . . . Exploration Rate (%) 41 | 5 96 22 Regions Visited 2 Branch Regions 1 Pre-discovered Areas 3 | . 3 . Known Exits Taken 1 | . 1 . Unknown Exits Taken 1 | 1 . . Scrap Searched . | . . . Spaces Dug 2 | . . 2 Terrain Destroyed 47 | . 45 2 Melee 2 | . . 2 Projectile . | . . . AOE 45 | . 45 . Terrain Rammed . | . . . Walls Destroyed . | . . . Machines Disabled . | . . . Actions | -11 -10 -10 --------- Run | Yrd Mat Sub Total 1844 | 110 1348 386 Wait 238 | . 232 6 Move 1408 | 81 993 334 Hop . | . . . Pick Up 21 | 13 8 . Fast Attach 4 | . 3 1 Attach 10 | 7 1 2 Detach . | . . . Swap 22 | . 17 5 Drop 9 | . 8 1 Fire 85 | 9 49 27 Melee 47 | . 37 10 Ram . | . . . Kick . | . . . Crush . | . . . Escape Stasis . | . . . Rewire . | . . . Trap . | . . . Miscellaneous . | . . . Route ------- -11/Scrapyard -10/Materials (discovered 5 exits: *Mat x3 / [*Min] / *Sub) -10/Subcaves (discovered 2 exits: [*Mat] / Rec) History --------- Turn | Location | Event 10 | -11/Scrapyard | Discovered new exit (range 16) 118 | -11/Scrapyard | Entered Materials 218 | -10/Materials | Discovered new exit (range 16) 318 | -10/Materials | Build established: Mutant 406 | -10/Materials | Discovered new exit (range 15) 682 | -10/Materials | Discovered new exit (range 10) 697 | -10/Materials | Destroyed 8 combat bots 817 | -10/Materials | Repaired Grenade Launcher 844 | -10/Materials | Repaired Assault Rifle 900 | -10/Materials | Discovered new exit (range 11) 1183 | -10/Materials | Discovered new exit (range 8) 1423 | -10/Materials | Learned Storage trap positions 1546 | -10/Materials | Learned Storage trap positions 1591 | -10/Materials | Learned Storage garrison access intel 1627 | -10/Materials | Learned location of 1 exit from Storage 1721 | -10/Materials | Learned Storage terminal intel 1766 | -10/Materials | Learned location of Recycling (-7) 1823 | -10/Materials | Identified exit to Materials 1823 | -10/Materials | Identified exit to Subcaves 2051 | -10/Materials | Entered Subcaves 2052 | -10/Subcaves | Identified exit to Recycling 2203 | -10/Subcaves | Shifting Twisted Machinery released Sub. Laser 2252 | -10/Subcaves | Discovered new exit (range 14) 2448 | -10/Subcaves | Shifting Twisted Machinery released Flamer 2507 | -10/Subcaves | Shifting Twisted Machinery released Sub. Laser 2507 | -10/Subcaves | Shifting Twisted Machinery released Sub. Laser 2628 | -10/Subcaves | Core integrity fell below 50% 2697 | -10/Subcaves | Core integrity fell below 20% 2700 | -10/Subcaves | Destroyed by PV-PK5(R) with Subdweller Beam Cannon Last Messages --------------- 02656_ PV-PK5(R) affixes Scrap Shield Fragment to Scrap Shield. 02668_ PV-PK5(R) suffers critical hit (Burn). 02672_ PV-PK5(R) affixes Scrap Shield Fragment to Scrap Shield. 02676_ Lgt. Treads destroyed. 02676_ Critical hit (Meltdown: +270). 02678_ Assault Rifle destroyed. 02679_ Sub. Optics shoots sparks and powers down. 02679_ Overheating: Energy bleed (-7). 02688_ Lgt. Treads destroyed. 02691_ PV-PK5(R) affixes Scrap Shield Fragment to Scrap Shield. 02692_ Acquired 45 matter. 02692_ Critical hit (Meltdown: +300). 02696_ Subatomizers dissect the Sub. Optics. 02698_ Med. Laser destroyed. 02700_ PV-PK5(R) knocked back. Map ----- +----------------------------------------------------+ | ?????????????????????????????????????????????????? | | ?????????????????????????????????????????????????? | | ?????????????????????????????????????????????????? | | ?????????????????????????????????????????????????? | | ?????????????????????????????????????????????????? | | ?????????????????????????????????????????????????? | | ?????????????????????????????????????????????????? | | ?????????????????????????????????????????????????? | | ?????????????????????????????????????????????????? | | ??????????????????????????####???????????????????? | | ???????????????####??????? ##??????????????????? | | ??????????????# #?????## #??????????????????? | | ????????????## #??????# ???????????????????? | | ??????###??## #??????? #???????????????????? | | ??##?## #### #???????? ??##??#"??"##???????? | | ??# ## #?????????# #?? ## " ??? ### ???? | | ## ##????????# ### ???? ???? | | ? #####????# ??????# ???? | | ??? ##;##### ?????? ??? | | ????? ## # #??????? ### | | ??????# #?# #?????? #?# ## | | ??????## ### #????? #?# | | ???????# ## #?# #???? #?# "[ | | ???????## #### #????? #??# "" | | ???????## ### ! #???? #???# "" " | | ???????# ## ## ###@ R#???? #????# |"" | | ???????# #### ### ##??? ###### "" | | ???????# #??## #?# ####? ## ## #"# | | ???????## #???# #?#; # ## ## ### "## | | ????????###???########## #?# # "# | | ?????????????????????# #?# ## | | ?????????????????????# ####?# ## # # " | | ?????????????????????# ##????# """ | | ?????????????????????## #?????# "" | | ??????????????????????# ##??##?## ## | | ??????????????????????# #??## ### ########? | | ?????????????????????## #??# ###????? | | ????????????????????## ##?## ###??? | | ????????????????????# ##?# ###? | | ????????????????????# #?# ""#? | | ????????????????????# #?## ### ### # | | ????????????????????# ####??## ##??##??? | | ????????????????????# #??????# ##????????? | | ????????????????????## ##??##### ##???????? | | ?????????????????????##### #??# ##??????? | | ?????????????????????????# ##??## "#??????? | | ?????????????????????????# #????# ##????"## | | ?????????????????????????# ##???# ##??" " # | | ?????????????????????????# ##### ## """""" | | ?????????????????????????# ## [["" | +----------------------------------------------------+ Best States ------------- Heat Dissipation 25 Energy Generation 10 Energy Capacity 250 Matter Stores 300 Matter Capacity 300 Sight Range 21 Terrain Scan Density 10 Armor Coverage 150 Evasion (%) 42 Recoil Reduction 2 Item Schematics ----------------- Huge Storage Unit | -10/Materials | Hacked Robot Schematics ------------------ None Fabricated ------------ Nothing Repaired ---------- Grenade Launcher | 25% | -10/Materials Assault Rifle | 35% | -10/Materials Studied --------- None Alien Tech Used ----------------- None Achievements -------------- None Challenges ------------ None Game ------ Seed MediumAntimissileScreen Manual? 0 Play Time 00:24:44 Cumulative 382.3 hours Start 2025.11.11 @ 20:51:44 End 2025.11.11 @ 21:34:41 Sessions 1 Manual Loads 0 Difficulty Rogue Special Mode None Game No. 273 Rogue 263 Adventurer 0 Explorer 10 Win Type - Total 5 Types 5/0/0/0/0/0/0/0/0/0 Lore% 80 Gallery% 68 Achievement% 39 Wizard Run 0 Options --------- Layout 2 ASCII 0 Keyboard 0 Movement Arrows Keybinds 1 Fullscreen 1 Font 24/Smallcaps Map View 50x44 Zoom Use 0% Tactical HUD 1 Map Filters NONE Filters NONE Steam 1 RUN: 54ee1616-c63c-4e0f-bddc-625fd95861c6